 Dungeon Crawl Stone Soup version 0.16.2-12-gd0ad4c3 (webtiles) character file.

314 magipi the Chopper (level 6, -5/47 (48) HPs)
             Began as a Ghoul Gladiator on Mar 19, 2016.
             Slain by an orc priest
             ... wielding a +0 flail
              (7 damage)
             ... on level 4 of the Dungeon.
             The game lasted 00:15:08 (2021 turns).

magipi the Chopper (Ghoul Gladiator)                Turns: 2021, Time: 00:15:09

HP:   -5/47 (48)    AC: 11    Str: 19    XL:     6   Next: 43%
MP:   5/5           EV: 10    Int:  4    God:
Gold: 159           SH:  0    Dex: 10    Spells: 0 memorised, 5 levels left

rFire  . . .     SeeInvis .     a - +0 war axe
rCold  + + .     Clarity  .     q - +0 scale mail
rNeg   + + +     SustAb   .     (no shield)
rPois  ∞         Gourm    .     r - +1 helmet
rElec  .         Spirit   .     l - +0 cloak
rCorr  .         Warding  .     g - +0 pair of gloves
rMut   .         Stasis   .     p - +0 pair of boots
MR     .....                    (no amulet)
Stlth  ..........               (no ring)
                                c - ring of protection from cold

@: very slightly contaminated, rotting, hasted, very quick, not resistant to
hostile enchantments, extremely unstealthy
A: rotting body, claws 1, carnivore 3, cold resistance 1, negative energy
resistance 3, poison resistance, slow healing 1, torment resistance, unbreathing
a: no special abilities


You were on level 4 of the Dungeon.
You were not hungry.

You visited 1 branch of the dungeon, and saw 4 of its levels.
You also visited: Sewer.

You collected 159 gold pieces.

Inventory:

Hand weapons
 a - a +0 war axe (weapon)
 b - a +0 blowgun
Missiles
 d - 2 throwing nets (quivered)
 t - 2 poisoned needles
Armour
 g - a +0 pair of gloves (worn)
 l - a +0 cloak (worn)
 p - a +0 pair of boots (worn)
 q - a +0 scale mail (worn)
 r - a +1 helmet (worn)
Jewellery
 c - a ring of protection from cold (left hand)
Scrolls
 e - a scroll of blinking
 j - a scroll of recharging {unknown}
 m - 3 scrolls of random uselessness {unknown}
 o - a scroll of identify
 s - a scroll of fear
Potions
 n - 2 potions of brilliance
Comestibles
 f - 2 chunks of flesh
 h - a meat ration
 i - a beef jerky


   Skills:
 - Level 2.1 Fighting
 + Level 6.4 Axes
 - Level 1.7 Throwing
 - Level 2.6 Dodging


You had 5 spell levels left.
You didn't know any spells.

Dungeon Overview and Level Annotations

Branches:
Dungeon (4/15)
 Temple: D:4-7

Altars:
Okawaru
Trog

Annotations:
D:3 yiuf
D:4 SlimeFever's ghost, experienced DsCK


Innate Abilities, Weirdness & Mutations

Your body is rotting away.
You thrive on raw meat.
You have sharp fingernails.
You are carnivorous and can eat meat at any time.
Your flesh is cold resistant.
You are immune to negative energy.
Your system is resistant to poisons.
You heal slowly when monsters are visible.
You are immune to unholy pain and torment.
You can survive without breathing.

Vault maps used:
D:1:      erik_arrival_gehennom
D:2:      nicolae_overflow_crystal_walls
D:3:      portal_sewer_entry_a, okawaru_ov_weapons_minmay,
          uniq_crazy_yiuf_cottage
D:4:      serial_shops, shop_fountains
Sewer:    kennysheep_door_sewer


Message History

You hit the phantom but do no damage.
The phantom is lightly damaged.
The phantom closely misses you. The orc wizard closely misses you.
The phantom hits you!
You closely miss the orc wizard.
The orc wizard is moderately wounded.
You hit the phantom.
The phantom is moderately damaged.
The orc wizard hits you but does no damage.
The orc wizard hits you with a dagger.
The phantom hits you but does no damage.
You hit the orc wizard.
The orc wizard is moderately wounded.
You closely miss the phantom.
The phantom is moderately damaged.
The orc wizard casts a spell at you. The puff of frost misses you.
The phantom hits you but does no damage.
The orc wizard closely misses you.
Drink which item? (? for menu, Esc to quit)
It was a potion of restore abilities.
You feel refreshed. The orc wizard closely misses you. The phantom hits you.
The phantom blinks!
Drink which item? (? for menu, Esc to quit)
You feel yourself speed up.
The orc wizard hits you but does no damage. x2
You are very lightly contaminated with residual magic.
You closely miss the orc wizard.
The orc wizard is moderately wounded.
The orc wizard barely misses you.
You slash the orc wizard!
The orc wizard is severely wounded.
The orc wizard hits you but does no damage.
You slash the orc wizard!
You kill the orc wizard!
You closely miss the orc. The orc hits you but does no damage.
You hit the orc but do no damage. You closely miss the orc.
You hit the phantom but do no damage.
The phantom is lightly damaged.
The orc barely misses you. The phantom hits you.
* * * LOW HITPOINT WARNING * * *
You hit the orc.
The orc is moderately wounded.
You closely miss the phantom.
The phantom is lightly damaged.
The orc barely misses you.
The phantom hits you but does no damage.
You hit the orc.
The orc is severely wounded.
You hit the phantom but do no damage.
The phantom is lightly damaged.
You hit the orc.
You kill the orc!
You slash the phantom!
The phantom is moderately damaged.
The phantom hits you but does no damage.
You closely miss the phantom.
The phantom is moderately damaged.
The phantom hits you but does no damage.
You miss the phantom.
The phantom is moderately damaged.
The phantom hits you but does no damage.
You barely miss the phantom.
The phantom is moderately damaged.
You hit the phantom but do no damage.
The phantom is moderately damaged.
The phantom completely misses you.
You closely miss the phantom.
The phantom is moderately damaged.
The phantom blinks!
Items here: ))) [[ †
Okay, then.
You butcher the orc corpse.
Items here: % ))) [[ Unknown command.
An orc priest comes into view. It is wielding a flail.
The orc priest shouts!
The orc priest mumbles some strange prayers to Beogh against you.
Something smites you!
* * * LOW HITPOINT WARNING * * *
Your scale mail prevents you from hitting the orc priest.
The orc priest calls down the wrath of Beogh upon you.
You barely resist. You barely miss the orc priest.
You closely miss the orc priest.
The orc priest hits you but does no damage.
You hit the orc priest.
The orc priest is lightly wounded.
The orc priest hits you but does no damage.
You hit the orc priest.
The orc priest is heavily wounded.
You barely miss the orc priest.
The orc priest is heavily wounded.
The orc priest hits you with a flail.
* * * LOW HITPOINT WARNING * * *
You closely miss the orc priest.
The orc priest is heavily wounded.
You barely miss the phantom.
The phantom is moderately damaged.
The phantom barely misses you. The orc priest hits you with a flail!
You die...

..........##..#.####
...................#
......#.#.##...###.#
#.#.###.#.###....#
..#. #.#......#.# #.
#.####...#.#####
#.#...........o#
#.#.......o###!#
#.#.....#.@# .o
#.#.....W### ##
#..(.......#
##...#.###.# #......
#.# ....#.# #.#
###...# #.# .... #W#
#.#


You could see a phantom and an orc priest.

Table legend:
 A = Kills in this place as a percentage of kills in entire the game.
 B = Kills by you in this place as a percentage of kills by you in the entire game.
 C = Kills by friends in this place as a percentage of kills by friends in the entire game.
 D = Other kills in this place as a percentage of other kills in the entire game.
 E = Experience gained in this place as a percentage of experience gained in the entire game.
 F = Experience gained in this place divided by the number of levels of this place that you have seen.
                   A       B       C       D       E      F
               +-------+-------+-------+-------+-------+----------------------
         Total | 100.0 | 100.0 |  -nan |  -nan | 100.0 |  89.8
       Dungeon |  92.3 |  92.3 |  -nan |  -nan |  66.4 |  74.5
         Sewer |   7.7 |   7.7 |  -nan |  -nan |  33.6 | 151.0
               +-------+-------+-------+-------+-------+----------------------

Vanquished Creatures
  Purgy (Sewer)
  An orc wizard (D:4)
  2 worker ants (D:4)
  3 adders (D:3)
  2 giant mites
  5 worms
  A giant gecko (D:3)
  2 oozes (D:1)
  7 orcs
  4 giant cockroaches
  4 hobgoblins
  13 kobolds
  2 quokkas
  2 ball pythons (D:3)
  A ball python skeleton (D:4)
  6 bats
  6 giant newts
  8 goblins
  11 rats
81 creatures vanquished.

Notes
Turn   | Place    | Note
--------------------------------------------------------------
     0 | D:1      | magipi, the Ghoul Gladiator, began the quest for the Orb.
     0 | D:1      | Reached XP level 1. HP: 17/17 MP: 1/1
    62 | D:1      | Reached skill level 3 in Axes
    96 | D:1      | Reached XP level 2. HP: 24/24 MP: 2/2
   321 | D:2      | Found a bloodstained altar of Trog.
   345 | D:2      | Reached XP level 3. HP: 29/29 MP: 3/3
   677 | D:3      | Found an iron altar of Okawaru.
   684 | D:3      | Reached skill level 4 in Axes
   800 | D:3      | Reached XP level 4. HP: 24/36 MP: 3/3
   972 | D:3      | Found a glowing drain.
  1044 | Sewer    | Entered a sewer
  1146 | Sewer    | Noticed Purgy
  1194 | Sewer    | Killed Purgy
  1194 | Sewer    | Reached skill level 5 in Axes
  1194 | Sewer    | Reached XP level 5. HP: 12/41 MP: 4/4
  1653 | D:3      | Reached XP level 6. HP: 40/48 MP: 5/5
  1667 | D:4      | Reached skill level 6 in Axes
  1746 | D:4      | Noticed SlimeFever's ghost (experienced DsCK)
  2020 | D:4      | HP: 2/47 [orc priest/flail (2)]
  2021 | D:4      | Slain by an orc priest

Action                   |  1- 3 |  4- 6 || total
-------------------------+-------+-------++-------
Melee: War axe           |   114 |   204 ||   318
Throw: Throwing net      |       |     3 ||     3
  Use: Scroll            |       |     6 ||     6
       Potion            |       |     4 ||     4
 Stab: Invisible         |       |     4 ||     4
  Eat: Chunk             |    11 |    15 ||    26

Action                   |  1- 3 |  4- 6 || total
-------------------------+-------+-------++-------
Melee: War axe           |   114 |   204 ||   318
Throw: Throwing net      |       |     3 ||     3
  Use: Scroll            |       |     6 ||     6
       Potion            |       |     4 ||     4
 Stab: Invisible         |       |     4 ||     4
  Eat: Chunk             |    11 |    15 ||    26

Action                   |  1- 3 |  4- 6 || total
-------------------------+-------+-------++-------
Melee: War axe           |   114 |   204 ||   318
Throw: Throwing net      |       |     3 ||     3
  Use: Scroll            |       |     6 ||     6
       Potion            |       |     4 ||     4
 Stab: Invisible         |       |     4 ||     4
  Eat: Chunk             |    11 |    15 ||    26
